 Dungeon Crawl Stone Soup version 0.24.1-8-ga250c9d538 (webtiles) character file.

Game seed: 2775499697005439801, levelgen mode: deterministic

38 Atelerd the Magician (level 3, 0/21 HPs)
             Began as a Tengu Wizard on Apr 27, 2020.
             Succumbed to an adder's poison
             ... on level 2 of the Dungeon.
             The game lasted 00:01:47 (1702 turns).

Atelerd the Magician (Tengu Wizard)                 Turns: 1702, Time: 00:01:48

Health: 0/21       AC:  2    Str:  7    XL:     3   Next: 43%
Magic:  0/8        EV: 12    Int: 24    God:
Gold:   48         SH:  0    Dex: 12    Spells: 2/8 levels left

rFire    . . .     SeeInvis .   c - +0 short sword
rCold    . . .     Gourm    .   (no shield)
rNeg     . . .     Faith    .   a - +0 robe
rPois    .         Spirit   .   b - +0 hat
rElec    .         Reflect  .   (no cloak)
rCorr    .         Harm     .   (no gloves)
MR       .....                  (boots unavailable)
Stlth    ++........             (no amulet)
HPRegen  0.07/turn              (no ring)
MPRegen  0.11/turn              (no ring)

@: brilliant, lethally poisoned (0 -> -4), invisible
A: beak, talons 3
a: no special abilities


You were on level 2 of the Dungeon.
You were not hungry.

You visited 1 branch of the dungeon, and saw 2 of its levels.

You collected 48 gold pieces.

Inventory:

Hand Weapons
 c - a +0 short sword (weapon)
Armour
 a - a +0 robe (worn)
 b - a +0 hat (worn)
Scrolls
 g - 3 scrolls of identify {unknown}
 j - a scroll of fear {unknown}
 k - a scroll of magic mapping {unknown}
 l - a scroll of teleportation {unknown}
Potions
 h - a potion of berserk rage {unknown}
 i - a potion of magic {unknown}
Comestibles
 d - 4 rations


   Skills:
 - Level 2.0 Fighting
 - Level 2.1 Dodging
 - Level 2.0 Stealth
 + Level 3.3 Spellcasting
 + Level 2.4 Conjurations
   Level 1.2 Summonings
 - Level 0.7 Translocations


You had 2 spell levels left.
You knew the following spells:

 Your Spells              Type           Power        Failure   Level  Hunger
a - Magic Dart            Conj           ####         1%          1    None
b - Mephitic Cloud        Conj/Pois/Air  ###.....     2%          3    ###....
c - Blink                 Tloc           N/A          1%          2    ##.....

Your spell library contained the following spells:

 Spells                   Type           Power        Failure   Level  Hunger
 Call Imp                 Summ           ###.....     1%          2    ##.....
 Slow                     Hex            ###.....     1%          2    ##.....
 Conjure Flame            Conj/Fire      ###.....     2%          3    ###....


Dungeon Overview and Level Annotations

Branches:
Dungeon (2/15)

Altars:


Innate Abilities, Weirdness & Mutations

You have a beak for a mouth.
You have claws for feet.


Message History

Casting: Magic Dart (safe; 5% risk of failure)
Confirm with . or Enter, or press ? or * to list all spells.
Aiming: Magic Dart (safe; 5% risk of failure)
Press: ? - help, Shift-Dir - straight line, f/p - quokka
Aim: a quokka (moderately wounded)
The magic dart hits the quokka but does no damage.
The quokka is moderately wounded.
The quokka bites you.
* * * LOW HITPOINT WARNING * * *
Casting: Magic Dart (safe; 5% risk of failure)
Confirm with . or Enter, or press ? or * to list all spells.
You don't have enough magic to cast that spell.
Unknown command.
It was a potion of brilliance.
You feel clever all of a sudden. The quokka misses you. The quokka bites you.
* * * LOW HITPOINT WARNING * * *
It was a potion of invisibility.
You fade into invisibility!
You die...

#$....# .....
..... ##########
... ##
.........# #.#
...###.#
########.# #.#
#.#.#.##.# #.#
#.# #r#<.... #.#
#.###@#..# #.#
#.##.....#.# #.#
#.#........# #.#
#.#..#######
#.###.#..#
#..#.#...######
##..###.........
#.#.#...#######
#)##.#..#


You could see a quokka.

Vanquished Creatures
  An adder (D:2)
  2 giant cockroaches (D:1)
  3 goblins
  5 hobgoblins
  5 jackals (D:2)
  4 bats (D:1)
  3 kobolds
23 creatures vanquished.

Notes
Turn   | Place    | Note
-------+----------+-------------------------------------------
     0 | D:1      | Atelerd the Tengu Wizard began the quest for the Orb.
     0 | D:1      | Reached XP level 1. HP: 10/10 MP: 5/5
   363 | D:1      | Reached skill level 1 in Fighting
   363 | D:1      | Reached XP level 2. HP: 15/16 MP: 0/7
  1652 | D:2      | Reached XP level 3. HP: 21/21 MP: 8/8
  1665 | D:2      | Learned a level 3 spell: Mephitic Cloud
  1668 | D:2      | Learned a level 2 spell: Blink
  1701 | D:2      | HP: 1/21 [quokka (4)]
  1702 | D:2      | Succumbed to an adder's poison

Levels and vault maps discovered:
D:1:      zelgadis_glass_arrival_small, layout_basic
D:2:      layout_loops_ring

Skill      XL: |  1  2  3 |
---------------+----------+-----
Fighting       | 1 2 |  2.0
Conjurations   | 2 |  2.4
Dodging        | |  2.1
Stealth        | |  2.0
Spellcasting   | |  3.3
Summonings     | |  1.2
Translocations | |  0.7

Action                   || total
-------------------------++-------
Melee: Unarmed           ||     3
       Short sword       ||    37
       Kick              ||     3
       Peck              ||     1
 Cast: Magic Dart        ||    47
  Use: Potion            ||     3
 Stab: Sleeping          ||     2
  Eat: Chunk             ||     2
Armor: Robe              ||     8
Dodge: Dodged            ||    38
